 Dungeon Crawl Stone Soup version 0.18-a0-1312-gf98331d (webtiles) character file.

8 realDonaldTrump the Firebug (level 2, 19/19 HPs)
             Began as a Demonspawn Fire Elementalist on Feb 14, 2016.
             Quit the game on level 1 of the Dungeon.
             The game lasted 00:00:40 (527 turns).

realDonaldTrump the Firebug (DsFE)                   Turns: 527, Time: 00:00:40

Health: 19/19      AC:  3    Str:  8    XL:     2   Next: 0%
Magic:  5/5        EV: 12    Int: 16    God:
Gold:   19         SH:  0    Dex: 13    Spells: 1 memorised, 4 levels left

rFire  . . .     SeeInvis .     e - +0 dagger
rCold  . . .     Gourm    .     a - +0 robe
rNeg   . . .     Faith    .     (no shield)
rPois  .         Spirit   .     (no helmet)
rElec  .         Dismiss  .     (no cloak)
rCorr  .         Reflect  .     f - +0 pair of gloves
SustAt .         Harm     .     (no boots)
MR     .....                    (no amulet)
Stlth  ++........               (no ring)
                                (no ring)

@: not resistant to hostile enchantments, unstealthy
A: spiny 1
a: no special abilities


You were on level 1 of the Dungeon.
You were not hungry.

You visited 1 branch of the dungeon, and saw 1 of its levels.

You collected 19 gold pieces.

Inventory:

Hand Weapons
 e - a +0 dagger (weapon)
Armour
 a - a +0 robe (worn)
 f - a +0 pair of gloves (worn)
Jewellery
 j - a +3 ring of dexterity {unknown}
Scrolls
 g - a scroll of enchant weapon {unknown}
 h - a scroll of amnesia {unknown}
 i - a scroll of random uselessness {unknown}
Potions
 d - a potion of haste {unknown}
Books
 b - a book of Flames

   Spells                             Type                      Level
   a - Flame Tongue                   Conjuration/Fire             1
   b - Throw Flame                    Conjuration/Fire             2
   c - Conjure Flame                  Conjuration/Fire             3
   d - Inner Flame                    Hexes/Fire                   3
   e - Sticky Flame                   Conjuration/Fire             4
   f - Fireball                       Conjuration/Fire             5
Comestibles
 c - a bread ration


   Skills:
 - Level 1.7 Dodging
 - Level 1.7 Stealth
 + Level 2.1 Spellcasting
 * Level 1.4 Conjurations
 * Level 2.9 Fire Magic


You had 4 spell levels left.
You knew the following spells:

 Your Spells              Type           Power        Failure   Level  Hunger
a - Flame Tongue          Conj/Fire      #....        10%         1    #......


Dungeon Overview and Level Annotations

Branches:
Dungeon (1/15)

Altars:


Innate Abilities, Weirdness & Mutations

You are partially covered in sharp spines.


Message History

The hobgoblin closely misses you.
You hit the hobgoblin.
The hobgoblin is severely wounded.
The hobgoblin hits you but does no damage.
You hit the hobgoblin but do no damage.
The hobgoblin is severely wounded.
The hobgoblin hits you but does no damage.
You barely miss the hobgoblin.
The hobgoblin is severely wounded.
The hobgoblin hits you with a club.
You hit the hobgoblin.
You kill the hobgoblin!
You have reached level 2!
Your demonic ancestry asserts itself...
Sharp spines emerge from parts of your body.
You start resting.
HP restored.
Are you sure you want to abandon this character and quit the game? (Confirm with "yes".)
Okay, then.
Are you sure you want to abandon this character and quit the game? (Confirm with "yes".)

.# #.<.##....##.....#
#......... .#
######....###....####.........
.# #........................
.#
#.......###......##.........
.# #.#####.#
#................. .. .
#.###..[...##.........
#.#........##.........
#...)......##.........
###..@..#####.........
...........####.........
.........#......######.#
.....#####......# #.# .....
#......# #.# .... #..)...# #.#
... #......# ... #......#
#......#


There were no monsters in sight!

Vanquished Creatures
  A goblin (D:1)
  A hobgoblin (D:1)
  2 ball pythons (D:1)
  A bat (D:1)
  A giant newt (D:1)
  2 kobolds (D:1)
  A rat (D:1)
9 creatures vanquished.

Notes
Turn   | Place    | Note
--------------------------------------------------------------
     0 | D:1      | realDonaldTrump the Demonspawn Fire Elementalist began the quest for the Orb.
     0 | D:1      | Reached XP level 1. HP: 13/13 MP: 3/3
   328 | D:1      | Gained mutation: You are partially covered in sharp spines. [demonic ancestry]
   328 | D:1      | Reached XP level 2. HP: 7/19 MP: 5/5
   527 | D:1      | Quit the game

Vault maps used:
D:1:      minmay_arrival_plants_in_alcoves, serial_park_tiny_1,
          nrook_loot_triangle, kennysheep_small_spiral, minmay_strange_pillars

Action                   || total
-------------------------++-------
Melee: Dagger            ||    25
 Cast: Flame Tongue      ||     3
 Stab: Sleeping          ||     1
